 Dungeon Crawl Stone Soup version 0.20.0-15-g7f486f2 (webtiles) character file.

79 TheBoneZone the Insei (level 4, -2/35 HPs)
             Began as a Demonspawn Monk on June 13, 2017.
             Slain by a gnoll (6 damage)
             ... on level 3 of the Dungeon.
             The game lasted 00:06:22 (1488 turns).

TheBoneZone the Insei (Demonspawn Monk)             Turns: 1488, Time: 00:06:23

Health: -2/35      AC:  2    Str: 12    XL:     4   Next: 16%
Magic:  0/4        EV: 13    Int: 14    God:
Gold:   146        SH:  0    Dex: 15    Spells: 3/3 levels left

rFire    . . .     SeeInvis .     - Unarmed
rCold    . . .     Gourm    .   (no shield)
rNeg     . . .     Faith    .   a - +0 robe
rPois    +         Spirit   +   (helmet restricted)
rElec    .         Reflect  .   (no cloak)
rCorr    .         Harm     .   (no gloves)
MR       .....                  (no boots)
Stlth    ++........             (no amulet)
Regen    0.2/turn               j - ring of poison resistance
MPRegen  0.1/turn               (no ring)

@: no status effects
A: hooves 1, horns 1, clever 1, magic shield, rot immunity
a: no special abilities


You were on level 3 of the Dungeon.
You were not hungry.

You visited 1 branch of the dungeon, and saw 3 of its levels.

You collected 146 gold pieces.

Inventory:

Armour
 a - a +0 robe (worn)
Jewellery
 j - a ring of poison resistance (left hand)
Scrolls
 c - a scroll of fear
 d - 2 scrolls of teleportation
 h - 2 scrolls of identify
 k - a scroll of remove curse
 o - a scroll of fog
Potions
 i - 3 potions of curing
Comestibles
 b - 2 bread rations


   Skills:
 + Level 3.3 Fighting
 + Level 3.2 Dodging
 + Level 2.5 Stealth
 + Level 3.5 Unarmed Combat


You had 3 spell levels left.
You didn't know any spells.

Dungeon Overview and Level Annotations

Branches:
Dungeon (3/15)

Altars:
Cheibriados


Innate Abilities, Weirdness & Mutations

You have a pair of small horns on your head.
When hurt, damage is shared between your health and your magic reserves.
You are immune to rotting.
You have large cloven feet.
Your mind is acute. (Int +2)


Message History

You kill the gnoll!
The bat barely misses you. The gnoll hits you. The gnoll hits you!
You hit the gnoll but do no damage. Your kick misses the gnoll.
Your headbutt misses the gnoll. The bat hits you but does no damage.
The bat barely misses you. The gnoll hits you.
* * * LOW HITPOINT WARNING * * *
The gnoll hits you!
* * * LOW HITPOINT WARNING * * *
You hit the bat.
You kill the bat!
The gnoll misses you. The gnoll hits you.
* * * LOW HITPOINT WARNING * * *
You barely miss the gnoll. You kick the gnoll, but do no damage.
You headbutt the gnoll.
The gnoll is moderately wounded.
The gnoll hits you but does no damage. The gnoll closely misses you.
You hit the gnoll. You headbutt the gnoll.
The gnoll is severely wounded.
The gnoll barely misses you. The gnoll hits you.
You die...

.# [# .# #
#####.# .#
.....# .[
######....#.#
............#..
#.gg)....#.
#..@......_
#........#.
#........#
#........#
#........#
...####### ....
...##


You could see 2 gnolls.

Vanquished Creatures
  A gnoll (D:3)
  An adder (D:2)
  3 oozes
  2 worms (D:2)
  A leopard gecko (D:2)
  A ball python (D:1)
  8 bats
  5 giant cockroaches
  6 hobgoblins
  3 quokkas (D:2)
  6 kobolds
  5 rats
42 creatures vanquished.

Notes
Turn   | Place    | Note
-------+----------+-------------------------------------------
     0 | D:1      | TheBoneZone the Demonspawn Monk began the quest for the Orb.
     0 | D:1      | Reached XP level 1. HP: 18/18 MP: 1/1
   138 | D:1      | Gained mutation: When hurt, damage is shared between your health and your magic reserves. [demonic ancestry]
   138 | D:1      | Reached XP level 2. HP: 24/24 MP: 2/2
   483 | D:1      | Gained mutation: Your mind is acute. (Int +2) [potion of mutation]
   483 | D:1      | Gained mutation: You have large cloven feet. [potion of mutation]
   672 | D:2      | Gained mutation: You have a pair of small horns on your head. [demonic ancestry]
   672 | D:2      | Reached XP level 3. HP: 20/29 MP: 3/3
  1353 | D:2      | Gained mutation: You are immune to rotting. [demonic ancestry]
  1353 | D:2      | Reached XP level 4. HP: 34/35 MP: 4/4
  1477 | D:3      | Found a snail-covered altar of Cheibriados.
  1488 | D:3      | Slain by a gnoll

Skill      XL: |  1  2  3 |
---------------+----------+-----
Dodging        | 3 |  3.2
Stealth        | 2 |  2.5
Unarmed Combat | 3 |  3.5
Fighting       | |  3.3

Action                   |  1- 3 |  4- 6 || total
-------------------------+-------+-------++-------
Melee: Unarmed           |   125 |    15 ||   140
       Kick              |    18 |     3 ||    21
       Punch             |     1 |       ||     1
       Headbutt          |    13 |     5 ||    18
  Use: Scroll            |     8 |       ||     8
       Potion            |    10 |       ||    10
 Stab: Sleeping          |     8 |     1 ||     9
  Eat: Chunk             |     2 |       ||     2
Armor: Robe              |    18 |     5 ||    23
Dodge: Dodged            |    97 |    19 ||   116
